 Dungeon Crawl Stone Soup version 0.29.1-12-g30fa7ad0bf (webtiles) character file.

Game seed: 3794673381271688335

352 GeoRichter the Charlatan (level 6, -2/51 HPs)
             Began as a Demonspawn Artificer on Dec 23, 2022.
             Was an Initiate of Cheibriados.
             Slain by Grinder (6 damage)
             ... on level 4 of the Dungeon.
             The game lasted 00:07:14 (5009 turns).

GeoRichter the Charlatan (Demonspawn Artificer)     Turns: 5009, Time: 00:07:14

Health: -2/51      AC:  8    Str: 15    XL:     6   Next: 34%
Magic:  6/6        EV:  9    Int: 15    God:    Cheibriados [......]
Gold:   208        SH:  0    Dex: 15    Spells: 5/5 levels left

rFire   . . .      SeeInvis .   f - +0 flail
rCold   . . .      Faith    .   (no shield)
rNeg    . . .      Spirit   .   l - +0 scale mail
rPois   .          Reflect  .   j - +1 helmet
rElec   .          Harm     .   (no cloak)
rCorr   .          Rampage  .   (no gloves)
Will    .....                   (no boots)
Stlth   ..........              (no amulet)
HPRegen 0.17/turn               (no ring)
MPRegen 0.10/turn               (no ring)

@: flying, very slow
A: powered by pain 1, big brain 1
a: Renounce Religion


You were on level 4 of the Dungeon.
You worshipped Cheibriados.
Cheibriados was noncommittal.
You visited 2 branches of the dungeon, and saw 5 of its levels.

You collected 208 gold pieces.

Inventory:

Hand Weapons
 f - a +0 flail (weapon)
   (You found it on level 1 of the Dungeon)
Armour
 j - a +1 helmet (worn)
   (You found it on level 1 of the Dungeon)
 l - a +0 scale mail (worn)
   (You found it on level 2 of the Dungeon)
Wands
 c - a wand of flame (1) (quivered)
 d - a wand of charming (4)
 e - a wand of iceblast (2)
Scrolls
 a - 6 scrolls of identify {@r1}
 b - 2 scrolls of enchant weapon
 g - a scroll of enchant armour
 m - a scroll of brand weapon {unknown}
Potions
 h - a potion of lignification {unknown}
 n - 2 potions of curing {@q1}
 o - a potion of attraction {unknown}
 p - a potion of haste {unknown}
 r - a potion of flight
 s - a potion of degeneration {unknown}
 t - 3 potions of might {unknown}


   Skills:
 + Level 5.0 Fighting
 * Level 0.8 Maces & Flails
 - Level 1.7 Armour
 - Level 0.8 Dodging
 - Level 0.8 Stealth
 - Level 5.0 Evocations


You had 5 spell levels left.
You didn't know any spells.
Your spell library contained the following spells:

 Spells                   Type           Power      Damage    Failure   Level
 Beastly Appendage        Tmut           0%         N/A       71%         1
 Wereblood                Tmut           0%         N/A       85%         2
 Spider Form              Tmut/Pois      0%         N/A       97%         3


Dungeon Overview and Level Annotations

Branches:
Dungeon (4/15) Zot: 28494  Temple (1/1) D:4 Zot: 8845

Altars:
Ashenzari
Cheibriados
Fedhas
Gozag
Kikubaaqudgha
Makhleb
Uskayaw
Vehumet
Wu Jian
Xom
Yredelemnul

Annotations:
D:4 Grinder


Innate Abilities, Weirdness & Mutations

You sometimes gain a little power by taking damage.
You have an unusually large brain. (Int +2)


Message History

Your orc wizard flickers and vanishes for a moment.
A nearby plant withers and dies.
Your orc wizard dissolves into shadows!
Your orc hits the plant with a +0 hand axe.
The plant begins to die.
There is a staircase to the Ecumenical Temple here.
A nearby plant withers and dies.
Your orc dissolves into shadows!
Your orc wizard dissolves into shadows!
You swap places.
Your kobold throws a stone.
The stone hits Grinder.
Okay, then.
Your kobold throws a stone.
The stone misses Grinder.
There is a staircase to the Ecumenical Temple here.
Okay, then.
Your orc dissolves into shadows!
Your kobold hits Grinder with a +0 dagger.
Grinder blinks!
Your kobold misses Grinder.
Hit: f) +0 flail
Okay, then.
Hit: f) +0 flail
Okay, then.
The mass of ice explodes!
The iceblast engulfs the plant!
The plant begins to die.
The iceblast engulfs Grinder.
Grinder partially resists.
You barely miss Grinder. Grinder gestures at you.
You suddenly lose the ability to move!
Your kobold closely misses Grinder.
Grinder hits you.
* * * LOW HITPOINT WARNING * * *
You writhe in agony.
* * * LOW HITPOINT WARNING * * *
Your kobold barely misses Grinder.
A nearby plant withers and dies.
Grinder hits you.
* * * LOW HITPOINT WARNING * * *
You writhe in agony.
* * * LOW HITPOINT WARNING * * *
Your kobold hits Grinder but does no damage.
Grinder hits you but does no damage.
Your kobold hits Grinder with a +0 dagger.
Grinder hits you but does no damage.
Your kobold hits Grinder with a +0 dagger.
You can move again.
The air fills with toxic fumes!
As you read the scroll labelled ROACWA KOBRE, it crumbles to dust.
It was a scroll of poison.
Grinder hits you but does no damage.
Your kobold barely misses Grinder.
Okay, then.
It was a potion of flight.
You feel very buoyant.
You fly up into the air.
Grinder hits you.
You die...

############
#§§§§§§§§§§#
#§§§§§§§§§.#
#.§§§§§§§..#
#..§§§§§...#
#...§§§....###
#..##§##.....#
#.P#§@§#P..#..
#§§§§5§§§§#### .
##§#§K§#P## ..
####§#### ...
#P§P# ..
##§§#####.##....
##§##...........#
#§§..##........#
##.####........#


You could see Grinder (ally target) and a friendly kobold (summoned).

Vanquished Creatures
  A phantom (D:4)
  2 orc priests (D:3)
  An iguana (D:4)
  An orc wizard (D:3)
  A gnoll (D:1)
  An adder (D:3)
  2 dart slugs (D:3)
  7 orcs
  9 endoplasms
  2 giant cockroaches
  3 goblins
  3 hobgoblins
  5 jackals (D:1)
  4 quokkas
  8 ball pythons
  6 bats
  4 frilled lizards
  9 kobolds
  4 rats
73 creatures vanquished.

Vanquished Creatures (collateral kills)
  A scorpion (D:4)
  2 orcs
  An endoplasm (D:1)
  A rat (D:3)
5 creatures vanquished.

Vanquished Creatures (others)
  An orc (D:4)
  A hobgoblin (D:1)
  4 plants (D:4)
6 creatures vanquished.

Grand Total: 84 creatures vanquished

Notes
Turn   | Place    | Note
-------+----------+-------------------------------------------
     0 | D:1      | GeoRichter the Demonspawn Artificer began the quest for the
                  | Orb.
     0 | D:1      | Reached XP level 1. HP: 15/15 MP: 1/1
   337 | D:1      | Gained mutation: You sometimes gain a little power by
                  | taking damage. [demonic ancestry]
   337 | D:1      | Reached XP level 2. HP: 8/21 MP: 2/2
   678 | D:1      | Found a faded altar of an unknown god.
   689 | D:1      | Reached XP level 3. HP: 19/26 MP: 3/3
  2475 | D:3      | Reached skill level 5 in Evocations
  2475 | D:3      | Reached XP level 4. HP: 29/32 MP: 4/4
  3039 | D:3      | Gained mutation: You have an unusually large brain. (Int
                  | +2) [demonic ancestry]
  3039 | D:3      | Reached XP level 5. HP: 20/40 MP: 5/5
  3773 | D:4      | Noticed a phantom
  4120 | D:4      | Killed a phantom
  4121 | D:4      | Reached XP level 6. HP: 10/50 MP: 6/6
  4555 | D:4      | Reached skill level 5 in Fighting
  4847 | D:4      | Found a staircase to the Ecumenical Temple.
  4859 | D:4      | Noticed Grinder
  4862 | Temple   | Entered the Ecumenical Temple
  4956 | Temple   | Became a worshipper of Cheibriados the Contemplative
  4972 | D:4      | Paralysed by Grinder for 5 turns
  5003 | D:4      | Paralysed by Grinder for 5 turns
  5009 | D:4      | Slain by Grinder

Illustrated notes

Levels and vault maps discovered:
D:1:      mrwooster_arrival_statue, layout_rooms,
          ebering_ecumenical_altar_sacrificial
D:2:      layout_basic, nicolae_elevator_lobby_plus
D:3:      layout_loops_corners
D:4:      layout_rooms, marbit_many_paths, minmay_temple_entry_gardened_gates,
          uniq_grinder
Temple:   nicolae_temple_great_sept

Skill      XL: |  1  2  3  4  5  6 |
---------------+-------------------+-----
Evocations     | 4 5 |  5.0
Fighting       | 2 4 5 |  5.0
Maces & Flails | |  0.8
Armour         | |  1.7
Dodging        | |  0.8
Stealth        | |  0.8

Action                   |  1- 3 |  4- 6 || total
-------------------------+-------+-------++-------
Melee: Flail             |   132 |   143 ||   275
       Club              |     7 |       ||     7
       Punch             |     1 |     2 ||     3
Evoke: Wand              |    16 |    12 ||    28
  Use: Potion            |       |     2 ||     2
       Scroll            |       |     8 ||     8
 Stab: Sleeping          |     1 |       ||     1
       Distracted        |       |     1 ||     1
Armor: Leather armour    |    39 |       ||    39
       Scale mail        |    36 |    75 ||   111
Dodge: Dodged            |   117 |    88 ||   205
